 Dungeon Crawl Stone Soup version 0.23-a0-435-g79ed067 (webtiles) character file.

283 nikopol the Magician (level 6, -1/32 HPs)
             Began as a Deep Elf Fire Elementalist on Nov 15, 2018.
             Killed by divine providence
             ... invoked by an orc priest
              (12 damage)
             ... on level 3 of the Dungeon.
             The game lasted 00:05:52 (2083 turns).

nikopol the Magician (Deep Elf Fire Elementalist)   Turns: 2083, Time: 00:05:53

Health: -1/32      AC:  4    Str:  5    XL:     6   Next: 7%
Magic:  6/16       EV: 13    Int: 22    God:
Gold:   124        SH:  0    Dex: 15    Spells: 5/15 levels left

rFire    . . .     SeeInvis .   (no weapon)
rCold    . . .     Gourm    .   (no shield)
rNeg     . . .     Faith    .   a - +0 robe
rPois    .         Spirit   .   m - +1 hat
rElec    .         Reflect  .   (no cloak)
rCorr    +         Harm     .   (no gloves)
MR       .....                  e - +0 pair of boots
Stlth    ++........             (no amulet)
HPRegen  0.10/turn              n - ring of resist corrosion
MPRegen  0.15/turn              (no ring)

@: no status effects
A: no striking features
a: no special abilities


You were on level 3 of the Dungeon.
You were not hungry.

You visited 1 branch of the dungeon, and saw 3 of its levels.

You collected 124 gold pieces.

Inventory:

Armour
 a - a +0 robe (worn)
 d - a +0 helmet
 e - a +0 pair of boots (worn)
 m - a +1 hat (worn)
Jewellery
 n - a ring of resist corrosion (left hand)
Scrolls
 b - 4 scrolls of teleportation {unknown}
 i - a scroll of enchant weapon {unknown}
 j - 2 scrolls of remove curse {unknown}
 k - a scroll of identify {unknown}
 o - a scroll of noise {unknown}
Potions
 f - a potion of haste {unknown}
 g - 2 potions of brilliance {unknown}
 h - a potion of flight {unknown}
 p - a potion of curing {unknown}
Comestibles
 c - 5 rations
 l - 10 chunks of flesh


   Skills:
 + Level 2.8 Dodging
 + Level 3.3 Stealth
 + Level 5.4 Spellcasting
 + Level 3.0 Conjurations
 + Level 5.1 Fire Magic


You had 5 spell levels left.
You knew the following spells:

 Your Spells              Type           Power        Failure   Level  Hunger
a - Flame Tongue          Conj/Fire      ###..        1%          1    None
b - Throw Flame           Conj/Fire      ###...       2%          2    None
c - Conjure Flame         Conj/Fire      ###.....     5%          3    ##.....
d - Sticky Flame          Conj/Fire      ###.....     19%         4    ####...

Your spell library contained the following spells:

 Spells                   Type           Power        Failure   Level  Hunger
 Inner Flame              Hex/Fire       ###.....     10%         3    ##.....
 Fireball                 Conj/Fire      ###.......   45%         5    #####..


Dungeon Overview and Level Annotations

Branches:
Dungeon (3/15)

Altars:
Sif Muna
Zin


Message History

Casting: Flame Tongue (safe; 1% risk of failure)
Confirm with . or Enter, or press ? or * to list all spells.
Aiming: Flame Tongue (safe; 1% risk of failure)
Press: ? - help, Shift-Dir - straight line, f/p - orc priest
Aim: an orc priest, wielding a +0 whip and wearing a +0 leather armour The flame tongue hits the orc.
The orc is moderately wounded.
A bat comes into view.
The orc hits you from afar with a +0 spear.
Casting: Flame Tongue (safe; 1% risk of failure)
Confirm with . or Enter, or press ? or * to list all spells.
Aiming: Flame Tongue (safe; 1% risk of failure)
Press: ? - help, Shift-Dir - straight line, f/p - orc priest
Aim: an orc priest, wielding a +0 whip and wearing a +0 leather armour The flame tongue hits the orc.
The orc is heavily wounded.
The orc completely misses you.
The orc priest invokes the aid of Beogh against you.
Beogh smites you!
You die...

####........)....#......
...............#.#.<รท##.
###....#.#.............
##...#..##......###.#
##.###.##.##..)#..)# ##.#
#.##.##........ #..#
#.##.###...<...
#..###.##.....).....
#.>@o.o...##.o..[...
........#o.......#......
..###...#......###......
#b.........# #......
...##.......##.......
.##.##................ .
#. .#.....##........
.........####.##...#
........# #. ##...


You could see an orc priest, 2 orcs and a bat.

Vanquished Creatures
  Sigmund (D:2)
  An orc priest (D:3)
  2 adders (D:2)
  A worm (D:2)
  A dart slug (D:1)
  2 leopard geckos
  9 orcs (D:3)
  A ball python (D:2)
  2 giant cockroaches
  7 goblins
  5 hobgoblins
  7 kobolds
  2 quokkas (D:2)
  7 bats
  3 frilled lizards
  9 rats
60 creatures vanquished.

Notes
Turn   | Place    | Note
-------+----------+-------------------------------------------
     0 | D:1      | nikopol the Deep Elf Fire Elementalist began the quest for
                  | the Orb.
     0 | D:1      | Reached XP level 1. HP: 10/10 MP: 6/6
   176 | D:1      | Reached XP level 2. HP: 15/15 MP: 4/8
   945 | D:2      | Reached XP level 3. HP: 19/19 MP: 2/10
  1252 | D:2      | Noticed Sigmund
  1257 | D:2      | Learned a level 2 spell: Throw Flame
  1261 | D:2      | Learned a level 3 spell: Conjure Flame
  1286 | D:2      | Killed Sigmund
  1286 | D:2      | Reached skill level 5 in Spellcasting
  1286 | D:2      | Reached skill level 5 in Fire Magic
  1286 | D:2      | Reached XP level 4. HP: 9/24 MP: 0/13
  1286 | D:2      | Reached XP level 5. HP: 11/28 MP: 0/14
  1292 | D:2      | Learned a level 4 spell: Sticky Flame
  1438 | D:2      | Found a glowing silver altar of Zin.
  1672 | D:2      | Found a deep blue altar of Sif Muna.
  2080 | D:3      | Reached XP level 6. HP: 28/32 MP: 8/16
  2083 | D:3      | Killed from afar by an orc priest

Vault maps used:
D:1:      dpeg_arrival_water_fire
D:2:      lemuel_crystal_altar, marbit_many_paths, uniq_sigmund
D:3:      lightli_temple_of_fire, kennysheep_generic_room_13

Skill      XL: |  1  2  3  4  5 |
---------------+----------------+-----
Fire Magic     | 4 5 |  5.1
Spellcasting   | 5 |  5.4
Stealth        | 3 |  3.3
Conjurations   | 2 3 |  3.0
Dodging        | |  2.8

Action                   |  1- 3 |  4- 6 || total
-------------------------+-------+-------++-------
 Cast: Flame Tongue      |    68 |    42 ||   110
       Conjure Flame     |     1 |       ||     1
  Eat: Chunk             |     1 |     2 ||     3
Armor: Robe              |     2 |     4 ||     6
Dodge: Dodged            |     9 |    13 ||    22

Table legend:
 A = Non-vault XP
 B = Vault XP
 C = Vault XP percentage of total XP
 D = Non-vault monster count
 E = Vault monster count
 F = Vault count percentage of total count
                 A         B        C        D         E       F
            +---------+---------+-------+---------+---------+-------
      Total |     178 |     227 |  56.0 |      59 |       1 |   1.7
            +---------+---------+-------+---------+---------+-------
        D:1 |      36 |       0 |   0.0 |      20 |       0 |   0.0
        D:2 |      59 |     227 |  79.4 |      21 |       1 |   4.5
        D:3 |      83 |       0 |   0.0 |      18 |       0 |   0.0
            +---------+---------+-------+---------+---------+-------
